 Dungeon Crawl Stone Soup version 0.28-a0-1477-g273aa18710 (webtiles) character file.

Game seed: 6428847937103056245

8078 Conn the Arsonist (level 11, -5/65 HPs)
             Began as an Octopode Fire Elementalist on Jan 11, 2022.
             Was a Follower of Sif Muna.
             Slain by a two-headed ogre (36 damage)
             ... on level 10 of the Dungeon.
             The game lasted 00:30:57 (13442 turns).

Conn the Arsonist (Octopode Fire Elementalist)     Turns: 13442, Time: 00:30:58

Health: -5/65      AC:  1    Str:  8    XL:     11   Next: 25%
Magic:  0/22       EV: 16    Int: 21    God:    Sif Muna [*.....]
Gold:   559        SH:  0    Dex: 25    Spells: 1/24 levels left

rFire   + + .      SeeInvis +   b - staff of fire
rCold   . . .      Faith    .   F - orb {guile}
rNeg    . . .      Spirit   +   (helmet restricted)
rPois   .          Reflect  .   e - amulet of guardian spirit
rElec   .          Harm     .   A - ring of protection from fire
rCorr   .          Rampage  .   g - +6 ring of dexterity
Will    .....                   G - +6 ring of dexterity
Stlth   +++++.....              w - ring of see invisible
HPRegen 0.20/turn               (no ring)
MPRegen 0.18/turn               (no ring)
                                (no ring)
                                (no ring)

@: no status effects
A: almost no armour, amphibious, 8 rings, camouflage 1, gelatinous body 1,
(nimble swimmer 1), tentacles
a: Renounce Religion, Channel Magic


You were on level 10 of the Dungeon.
You worshipped Sif Muna.
Sif Muna was aware of your devotion.
You visited 2 branches of the dungeon, and saw 12 of its levels.
You also visited: Ossuary.

You collected 559 gold pieces.

Inventory:

Hand Weapons
 a - a +3 trident of protection
 f - a +0 dagger
 l - a +1 dagger of speed
 n - a +0 dagger of electrocution
 s - a +3 short sword
 t - a +2 rapier of venom
Missiles
 r - 21 poisoned darts
Armour
 F - an orb of guile (worn)
Magical Staves
 b - a staff of fire (weapon)
Jewellery
 e - an amulet of guardian spirit (around mantle)
 g - a +6 ring of dexterity (right tentacle)
 w - a ring of see invisible (on tentacle)
 A - a ring of protection from fire (left tentacle)
 G - a +6 ring of dexterity (on tentacle)
Wands
 c - a wand of iceblast (8)
 E - a wand of paralysis (2)
Scrolls
 d - a scroll of blinking
 j - 2 scrolls of immolation
 k - a scroll of fog
 m - a scroll of enchant armour
 q - 4 scrolls of teleportation
 y - a scroll of magic mapping
 H - a scroll of silence {unknown}
Potions
 h - 3 potions of brilliance
 i - 3 potions of lignification
 o - a potion of heal wounds
 p - 2 potions of berserk rage {unknown}
 u - 2 potions of attraction
 v - 3 potions of ambrosia
 x - 3 potions of haste
 z - a potion of cancellation
 B - 2 potions of flight {unknown}
 C - a potion of experience
 D - a potion of magic
 I - a potion of mutation {unknown}
 J - a potion of curing


   Skills:
 + Level 2.4 Fighting
 + Level 0.2 Short Blades
 + Level 5.5 Polearms
 + Level 3.8 Dodging
 + Level 6.5 Stealth
 + Level 7.4 Spellcasting
 + Level 6.3 Conjurations
 + Level 2.9 Hexes
 + Level 2.8 Summonings
 * Level 8.6 Fire Magic
 + Level 2.6 Air Magic
 * Level 0.9 Earth Magic
 + Level 3.4 Poison Magic
 * Level 4.5 Invocations
 + Level 0.2 Evocations


You had one spell level left.
You knew the following spells:

 Your Spells              Type           Power      Damage    Failure   Level
a - Foxfire               Conj/Fire      100%       2x1d9     1%          1
b - Conjure Flame         Conj/Fire      56%        6-21      1%          3
c - Inner Flame           Hex/Fire       48%        N/A       2%          3
d - Flame Wave            Conj/Fire      56%        2d9       3%          4
e - Scorch                Fire           100%       2d10      1%          2
f - Call Imp              Summ           19%        N/A       4%          2
g - Mephitic Cloud        Conj/Pois/Air  25%        N/A       4%          3
h - Lee's Rapid Deconstr  Erth           5%         3d7*      85%         5

Your spell library contained the following spells:

 Spells                   Type           Power      Damage    Failure   Level
 Magic Dart               Conj           100%       1d8       1%          1
 Apportation              Tloc           14%        N/A       9%          1
 Confusing Touch          Hex            20%        N/A       8%          3
 Tukima's Dance           Hex            20%        N/A       8%          3
 Portal Projectile        Hex/Tloc       26%        N/A       14%         3
 Leda's Liquefaction      Hex/Erth       7%         N/A       36%         4
 Anguish                  Hex/Necr       6%         N/A       43%         4
 Passage of Golubria      Tloc           7%         N/A       63%         4
 Alistair's Intoxication  Tmut/Pois      10%        N/A       75%         5
 Yara's Violent Unravell  Hex/Tmut       6%         3d5       78%         5
 Blade Hands              Tmut           3%         N/A       93%         5
 Excruciating Wounds      Necr           3%         N/A       93%         5
 Statue Form              Tmut/Erth      6%         N/A       100%        6
 Enfeeble                 Hex            10%        N/A       100%        7


Dungeon Overview and Level Annotations

Branches:
Dungeon (11/15)            Temple (1/1) D:5            Lair (0/6) D:11
    Orc (0/2) D:9         Ossuary (visited)

Altars:
Ashenzari
Cheibriados
Dithmenos
Fedhas
Hepliaklqana
Kikubaaqudgha
Makhleb
Nemelex Xobeh
Okawaru
Qazlal
Ru
Sif Muna
Trog
Uskayaw
Wu Jian
Xom
Yredelemnul
Zin
The Shining One


Innate Abilities, Weirdness & Mutations

You cannot wear most types of armour.
You are amphibious.
You can wear up to eight rings at the same time.
Your skin changes colour to match your surroundings (Stealth+).
Your rubbery body absorbs attacks. (AC +1, EV +1)
((You are camouflaged when in or above water. (Stealth+)))
You have tentacles for arms and can constrict up to eight enemies at once.


Message History

Casting: Inner Flame (dangerous; 2% risk of failure)
Confirm with . or Enter, or press ? or * to list all spells.
Aiming: Mephitic Cloud (dangerous; 4% risk of failure)
Press: ? - help, Shift-Dir - straight line, f/p - death yak
Aim: a death yak (heavily wounded, inner flame, chance to affect: 34%)
The ball explodes into a vile cloud!
The stinking cloud engulfs the death yak but does no damage.
The death yak is heavily wounded.
The stinking cloud engulfs the death yak but does no damage.
The death yak is lightly wounded.
The death yak is engulfed in noxious fumes.
Flame seeps out of the death yak.
Unknown command.
Unknown command.
You hit the death yak but do no damage.
The death yak is heavily wounded.
The death yak is engulfed in noxious fumes.
The death yak appears confused.
Flame seeps out of the death yak.
The death yak gores you!!
The death yak is engulfed in noxious fumes.
Unknown command.
The death yak is engulfed in noxious fumes.
The death yak appears confused.
Flame seeps out of the death yak.
The death yak is engulfed in noxious fumes.
The death yak is engulfed in noxious fumes.
Flame seeps out of the death yak.
The death yak is engulfed in noxious fumes.
The death yak appears confused.
Casting: Mephitic Cloud (dangerous; 4% risk of failure)
Confirm with . or Enter, or press ? or * to list all spells.
A shadowy apparition takes form in the air.
The death yak seems less confused. x2
The death yak gores your shadow imp!!
Your shadow imp dies!
Your shadow imp disappears in a puff of smoke!
There is a stone staircase leading up here.
You climb upwards.
The two-headed ogre hits you with a +0 giant club!!!
Ouch! That really hurt!
You die...

###Y#......*,,,≈,,,**
....##'#.###,_,≈,_,*
#...Y......#,,,≈,,,*
'........#.+*##*****
#.....Y..#***#.##
#........# *..#
#........######(##
#........Y..Y....#######**
#........####..Y@O......,*
#........# #...........,*
#........# #...........,*
#.......<# #...........,*
####+###.#**#...........,*
*,* #.<,,....[.......,*
*,* #.**#...........$,*
*,* *,* #............,*
*,***,* *,,,,,,,,,,,,,*


You could see a two-headed ogre and 3 yaks.

Vanquished Creatures
  3 two-headed ogres
  The ghost of anet the Chopper, a novice HOCj of Beogh (D:6)
  2 unseen horrors (D:11)
  A troll (D:10)
  3 yaks (D:10)
  A wraith (Ossuary)
  A steam dragon (D:6)
  An acid dragon (D:8)
  2 water moccasins
  Duvessa (D:7)
  3 sky beasts
  A black bear (D:4)
  An ice beast (D:8)
  4 orc warriors
  A necrophage (D:4)
  2 ogres
  2 centaurs
  A kobold brigand (D:9)
  A phantom (D:7)
  2 scorpions
  A wyvern skeleton (D:6)
  Dowan (D:7)
  A water moccasin skeleton (D:3)
  8 killer bees
  8 wights (D:8)
  A howler monkey (D:8)
  A bullfrog zombie (D:7)
  5 hounds
  4 jellies
  A bullfrog skeleton (D:4)
  2 centaur zombies (D:7)
  5 orc wizards
  A killer bee zombie (D:9)
  2 mummies
  4 gnolls (D:5)
  10 adders
  2 howler monkey skeletons (D:5)
  2 shadow imps
  A white imp (D:8)
  2 ufetubi
  An adder skeleton (D:4)
  2 worms
  3 dart slugs
  33 orcs
  16 endoplasms
  3 giant cockroaches
  9 goblins
  7 hobgoblins
  2 jackals (D:1)
  21 kobolds
  2 quokkas
  3 ball pythons
  15 bats
  6 frilled lizards
  5 gnoll skeletons (Ossuary)
  5 kobold skeletons (Ossuary)
  15 orc skeletons (Ossuary)
  5 rats
249 creatures vanquished.

Vanquished Creatures (collateral kills)
  Harold (D:7)
  5 foxfires
6 creatures vanquished.

Vanquished Creatures (others)
  794 foxfires
  3 fungi (D:3)
  9 toadstools (D:3)
806 creatures vanquished.

Grand Total: 1061 creatures vanquished

Notes
Turn   | Place    | Note
-------+----------+-------------------------------------------
     0 | D:1      | Conn the Octopode Fire Elementalist began the quest for the
                  | Orb.
     0 | D:1      | Reached XP level 1. HP: 11/11 MP: 3/3
   214 | D:1      | Reached XP level 2. HP: 17/17 MP: 0/5
   615 | D:1      | Reached XP level 3. HP: 19/21 MP: 3/6
  1011 | D:2      | Found a faded altar of an unknown god.
  1388 | D:2      | Found a shadowy altar of Dithmenos.
  1612 | D:2      | Reached XP level 4. HP: 27/27 MP: 0/7
  2685 | D:3      | Reached skill level 4 in Fire Magic
  2685 | D:3      | Reached XP level 5. HP: 17/31 MP: 0/8
  3457 | D:3      | Reached skill level 1 in Polearms
  3473 | D:3      | Reached XP level 6. HP: 29/37 MP: 7/10
  3932 | D:4      | Learned a level 3 spell: Conjure Flame
  3936 | D:4      | Learned a level 3 spell: Inner Flame
  3941 | D:4      | Learned a level 4 spell: Flame Wave
  4018 | D:4      | Noticed a necrophage
  4036 | D:4      | Reached skill level 5 in Stealth
  4052 | D:4      | Killed a necrophage
  4053 | D:4      | Reached skill level 1 in Fighting
  4053 | D:4      | Reached XP level 7. HP: 39/43 MP: 0/11
  5318 | D:4      | Reached skill level 5 in Fire Magic
  5601 | D:5      | Entered Level 5 of the Dungeon
  5611 | D:5      | Reached XP level 8. HP: 41/48 MP: 6/13
  5809 | D:5      | Identified the +0 helmet of Pandemonium {rElec}
  5811 | D:5      | Found a staircase to the Ecumenical Temple.
  5953 | D:5      | Found a sand-covered staircase.
  5966 | Ossuary  | Entered an ossuary
  5966 | Ossuary  | Noticed a wraith
  5966 | Ossuary  | Noticed a wraith
  5966 | Ossuary  | Noticed a wraith
  6099 | Ossuary  | Noticed a wraith
  6105 | Ossuary  | Learned a level 2 spell: Scorch
  6108 | Ossuary  | Learned a level 2 spell: Call Imp
  6179 | Ossuary  | Killed a wraith
  6754 | D:5      | Reached skill level 1 in Hexes
  7189 | D:6      | Reached skill level 1 in Summonings
  7665 | D:6      | Reached skill level 5 in Spellcasting
  7743 | D:6      | Found a large runed translucent door.
  7743 | D:6      | Found a large runed translucent door.
  7745 | D:6      | Noticed anet's ghost (novice HOCj)
  7763 | D:6      | Reached skill level 6 in Fire Magic
  7763 | D:6      | Reached XP level 9. HP: 49/54 MP: 7/16
  8034 | D:6      | Found a sacrificial altar of Ru.
  8227 | D:6      | Killed anet's ghost
  8478 | Temple   | Entered the Ecumenical Temple
  8531 | Temple   | Became a worshipper of Sif Muna the Loreminder
  8668 | D:7      | Found an ancient bone altar of Kikubaaqudgha.
  9027 | D:7      | Reached skill level 1 in Invocations
  9118 | D:7      | Found a basalt altar of Yredelemnul.
  9125 | D:7      | Noticed Duvessa
  9133 | D:7      | Killed Duvessa
  9133 | D:7      | Noticed Dowan
  9141 | D:7      | Reached skill level 5 in Conjurations
  9143 | D:7      | Killed Dowan
  9247 | D:7      | Noticed Harold
  9263 | D:7      | HP: 2/54 [poisoned by Harold]
  9281 | D:7      | Killed Harold
  9282 | D:7      | Reached skill level 7 in Fire Magic
  9282 | D:7      | Reached XP level 10. HP: 60/60 MP: 12/19
  9967 | D:7      | Learned a level 3 spell: Mephitic Cloud
 10392 | D:8      | Found a shimmering altar of Xom.
 10394 | D:8      | Found a shimmering altar of Xom.
 10449 | D:8      | Reached * piety under Sif Muna
 10557 | D:8      | Reached skill level 1 in Air Magic
 10925 | D:8      | Found an iron altar of Okawaru.
 11475 | D:9      | Reached skill level 1 in Poison Magic
 11878 | D:9      | Found a staircase to the Orcish Mines.
 12303 | D:9      | Identified a scroll of acquirement
 12303 | D:9      | Acquired a staff of fire
 12327 | D:10     | Entered Level 10 of the Dungeon
 12339 | D:10     | Noticed a two-headed ogre
 12345 | D:10     | Killed a two-headed ogre
 12346 | D:10     | Reached skill level 5 in Polearms
 12346 | D:10     | Reached skill level 8 in Fire Magic
 12398 | D:10     | Noticed a two-headed ogre
 12413 | D:10     | Killed a two-headed ogre
 12718 | D:10     | Noticed a two-headed ogre
 12721 | D:10     | Reached XP level 11. HP: 11/65 MP: 2/21
 13266 | D:11     | Learned a level 5 spell: Lee's Rapid Deconstruction
 13284 | D:11     | Noticed a two-headed ogre
 13295 | D:11     | Killed a two-headed ogre
 13398 | D:11     | Found a staircase to the Lair.
 13398 | D:11     | Noticed a death yak
 13401 | D:11     | Noticed a death yak
 13402 | D:11     | Noticed a death yak
 13403 | D:11     | Noticed a two-headed ogre
 13442 | D:10     | Slain by a two-headed ogre

Illustrated notes

Levels and vault maps discovered:
D:1:      amcnicky_arrival_flooded_fountain, layout_loops_cross, minmay_cut_off
D:2:      layout_basic, nicolae_ecumenical_oubliette, basic_altar,
          minmay_indecisive_spiral
D:3:      cheibrodos_fertilizer, layout_rooms, minmay_circle_x
D:4:      layout_basic, roderic_serpentine_path, minmay_misc_feat_room,
          grunt_decor_junction
D:5:      layout_basic, minmay_temple_entry_from_below_a,
          gup_ossuary_entry_pyramid
D:6:      layout_gridville, nicolae_ru_path_of_blood,
          ebering_ghost_disaster_area
D:7:      layout_cave_pods, mainiacjoe_overflow_surrounded_room,
          mainiacjoe_overflow_catwalk, uniq_harold, uniq_duvessa
D:8:      layout_rooms, xom_redecorated, okawaru_trees_1, grunt_ministairs_1,
          roderic_malta_cross, kennysheep_generic_room_2
D:9:      layout_stronghold, david_orc_2
D:10:     layout_basic, elyvilon_altar_4, mainiacjoe_overflow_divided_tiny
D:11:     wad_woods_minihive, layout_loops_ring, dpeg_lair_monsters,
          nicolae_hepliaklqana_monster_ancestors, uniq_gastronok
Temple:   zaba_magenta_temple

Skill      XL: |  1  2  3  4  5  6  7  8  9 10 |
---------------+-------------------------------+-----
Stealth        | 3 4 5 6 |  6.5
Conjurations   | 2 3 4 5 6 |  6.3
Fire Magic     | 4 5 6 7 8 |  8.6
Polearms       | 1 2 3 4 5 |  5.5
Spellcasting   | 3 5 6 7 |  7.4
Fighting       | 1 2 |  2.4
Hexes          | 1 2 |  2.9
Summonings     | 1 2 |  2.8
Invocations    | 2 4 |  4.5
Dodging        | 3 |  3.8
Air Magic      | 2 |  2.6
Poison Magic   | 3 |  3.4
Short Blades   | |  0.2
Earth Magic    | |  0.9
Evocations     | |  0.2

Action                   |  1- 3 |  4- 6 |  7- 9 | 10-12 || total
-------------------------+-------+-------+-------+-------++-------
Melee: Unarmed           |     5 |       |       |       ||     5
       Constrict         |     6 |    11 |    13 |    14 ||    44
       Tentacles         |     4 |    13 |    13 |    26 ||    56
       Dagger            |    18 |    34 |       |       ||    52
       Trident           |       |    43 |    75 |    95 ||   213
       Punch             |       |     1 |     1 |     2 ||     4
       Staff             |       |       |       |     8 ||     8
 Cast: Foxfire           |    48 |    86 |   202 |   129 ||   465
       Conjure Flame     |       |       |     8 |     3 ||    11
       Inner Flame       |       |       |     7 |    10 ||    17
       Call Imp          |       |       |     6 |     1 ||     7
       Scorch            |       |       |       |    14 ||    14
       Mephitic Cloud    |       |       |       |     4 ||     4
       Flame Wave        |       |       |       |     3 ||     3
Invok: Channel Magic     |       |       |       |     1 ||     1
Evoke: Wand              |       |       |       |     3 ||     3
  Use: Scroll            |       |     1 |     9 |     5 ||    15
       Potion            |       |       |     8 |     1 ||     9
 Stab: Sleeping          |     5 |     7 |     3 |     2 ||    17
       Confused          |       |       |       |     2 ||     2
Armor: Skin              |     2 |     8 |     7 |    18 ||    35
Dodge: Dodged            |    14 |    44 |    32 |   108 ||   198

Table legend: (Time is in decaauts)
 A = Elapsed time spent in this place.
 B = Non-inter-level travel time spent in this place.
 C = Inter-level travel time spent in this place.
 D = Time resting spent in this place.
 E = Time spent auto-exploring this place.
 F = Levels seen in this place.
 G = Mean time per level.
                   A        B        C        D        E       F      G
               +--------+--------+--------+--------+--------+-----+--------+
         Total |  13457 |  13103 |    354 |    945 |   9260 |  13 | 1035.2 |
       Dungeon |  12686 |  12348 |    338 |    916 |   8738 |  11 | 1153.3 |
        Temple |     68 |     53 |     15 |      0 |     38 |   1 |   68.0 |
       Ossuary |    701 |    701 |      0 |     29 |    484 |   1 |  701.0 |
               +--------+--------+--------+--------+--------+-----+--------+

Top non-repeatable levels by time:
     D:4: 1684 daAuts
     D:2: 1654 daAuts
     D:7: 1433 daAuts
     D:6: 1325 daAuts
     D:9: 1261 daAuts
     D:3: 1190 daAuts
     D:1: 1079 daAuts
     D:8: 1061 daAuts
     D:5: 883 daAuts
    D:11: 706 daAuts
 Ossuary: 701 daAuts
    D:10: 407 daAuts
  Temple: 68 daAuts
